AoeStats
← joycebb96

Arena

510092755Analyzed
2v2 RM · 1d ago on Sep 29, 2026· 50m 12s· 4 players
Game mode
Random Map
Map size
Medium (4 player)
Population
200
Speed
Normal
Resources
Standard
Victory
Conquest
Starting age
Dark Age
Ending age
Imperial Age
RankedLock teamsTeams togetherTeam positionsShared explorationLock speedFull tech treeHidden civsTurbo modeCheats
Victory
Defeat
🇻🇳 Vikings · Vietnam
1126
+14
🇹🇼 Mongols · Taiwan
1112
+14
🇭🇰 Mongols · Hong Kong SAR China
1088
-15
🇭🇰 Goths · Hong Kong SAR China
1054
-13
sky_wu
1:14 Loom
10:09 Feudal Age
15:28 Castle Age
15:00 Double-Bit Axe
14:57 Horse Collar
16:29 Bow Saw
22:18 Heavy Plow
29:03 Imperial Age
26:43 Gold Mining
26:43 Stone Mining
28:48 Ballistics
28:24 Murder Holes
29:28 Stone Shaft Mining
29:31 Gold Shaft Mining
29:37 Wheelbarrow
29:06 Fletching
29:16 Padded Archer Armor
29:39 Thumb Ring
31:04 Parthian Tactics
31:28 Hand Cart
31:30 Bodkin Arrow
31:50 Leather Archer Armor
33:34 Chemistry
33:45 Conscription
33:28 Nomads
33:52 Bracer
34:04 Scale Barding Armor
39:26 Chain Barding Armor
39:32 Elite Mangudai
41:42 Husbandry
41:54 Bloodlines
41:04 Light Cavalry
42:14 Forging
45:02 Iron Casting
43:54 Hussar
SkyBlue$
11:04 Feudal Age
15:20 Castle Age
13:14 Double-Bit Axe
13:21 Horse Collar
16:31 Bow Saw
25:17 Heavy Plow
25:46 Fortified Wall
28:31 Imperial Age
26:33 Masonry
26:16 Gold Mining
26:18 Stone Mining
27:00 Man-at-Arms
27:40 Squires
27:26 Arson
27:55 Scale Mail Armor
28:02 Treadmill Crane
29:12 Gold Shaft Mining
28:00 Long Swordsman
28:58 Forging
28:41 Two-Handed Swordsman
28:52 Capped Ram
29:50 Chain Mail Armor
30:15 Crop Rotation
29:36 Champion
32:10 Two-Man Saw
33:29 Conscription
32:53 Siege Ram
36:24 Plate Mail Armor
36:29 Iron Casting
joycebb96
1:03 Loom
9:07 Loom
10:53 Feudal Age
15:43 Castle Age
14:52 Double-Bit Axe
17:08 Bow Saw
16:46 Horse Collar
18:16 Man-at-Arms
19:44 Long Swordsman
26:47 Wheelbarrow
27:19 Scale Mail Armor
27:30 Forging
27:10 Fletching
28:53 Gold Mining
32:54 Imperial Age
30:50 Caravan
31:08 Chain Mail Armor
32:48 Hand Cart
34:02 Iron Casting
33:17 Two-Handed Swordsman
34:02 Heavy Plow
36:04 Bodkin Arrow
37:12 Champion
ROnaLD_G4
10:11 Feudal Age
11:43 Double-Bit Axe
14:16 Castle Age
12:03 Horse Collar
15:14 Bloodlines
15:21 Bow Saw
21:56 Wheelbarrow
21:49 Scale Barding Armor
23:35 Gold Mining
25:59 Hand Cart
25:31 Loom
28:30 Heavy Plow
31:56 Imperial Age
30:10 Husbandry
30:21 Town Watch
30:19 Light Cavalry
31:12 Forging
31:22 Chain Barding Armor
30:56 Fletching
31:06 Padded Archer Armor
31:17 Forging
31:27 Chain Barding Armor
32:33 Ballistics
32:09 Murder Holes
32:08 Stone Mining
33:39 Thumb Ring
33:32 Bodkin Arrow
33:52 Leather Archer Armor
35:24 Chemistry
34:56 Parthian Tactics
34:41 Capped Ram
37:01 Town Patrol
37:05 Elite Mangudai
38:01 Bracer
40:02 Drill
40:01 Siege Engineers
40:07 Fortified Wall
40:08 Masonry
40:36 Iron Casting
40:21 Chain Barding Armor
40:35 Hussar
42:24 Conscription
43:18 Blast Furnace
42:38 Chain Barding Armor
42:47 Siege Ram
47:29 Hoardings
Connection lost

Rejoining the realm…

Still unreachable

The connection could not be restored.

Session expired

The server has moved on; the page needs a fresh start.